 Dungeon Crawl Stone Soup version 0.16.2-12-gd0ad4c3 (webtiles) character file.

100 Gartch the Digger (level 4, -4/24 HPs)
             Began as a Gargoyle Earth Elementalist on Oct 21, 2015.
             Killed from afar by Kharon's ghost (6 damage)
             ... with a magic dart
             ... on level 3 of the Dungeon on Oct 23, 2015.
             The game lasted 00:33:23 (3604 turns).

Gartch the Digger (Gargoyle Earth Elementalist)     Turns: 3604, Time: 00:33:23

Health: -4/24      AC:  5    Str: 11    XL:     4   Next: 73%
Magic:  5/10       EV: 12    Int: 17    God:
Gold:   103        SH:  0    Dex: 10    Spells: 3 memorised, 4 levels left

rFire  . . .     SeeInvis .     q - +0 short sword
rCold  . . .     Clarity  .     c - +0 robe
rNeg   + . .     SustAb   .     (no shield)
rPois  ∞         Gourm    .     (no helmet)
rElec  +         Spirit   .     (no cloak)
rCorr  .         Warding  .     (no gloves)
rMut   .         Stasis   .     (no boots)
MR     .....                    (no amulet)
Stlth  ++........               (no ring)
                                (no ring)

@: not resistant to hostile enchantments, unstealthy
A: negative energy resistance 1, electricity resistance, unbreathing,
petrification resistance, rot immunity, AC +3
a: no special abilities


You were on level 3 of the Dungeon.
You were not hungry.

You visited 1 branch of the dungeon, and saw 3 of its levels.

You collected 103 gold pieces.

Inventory:

Hand weapons
 q - a +0 short sword (weapon)
Missiles
 b - 143 stones (quivered)
Armour
 c - a +0 robe (worn)
 l - a cursed -2 scale mail
 m - a +0 robe
 n - a +0 shield
Jewellery
 k - an uncursed amulet of regeneration {unknown}
Scrolls
 f - 4 scrolls of identify
 g - a scroll of enchant weapon {unknown}
Potions
 e - a potion of haste {unknown}
 h - a potion of invisibility
 i - 4 potions of agility {unknown}
 j - a potion of brilliance {unknown}
 p - a potion of curing {unknown}
 r - a potion of decay {unknown}
Books
 d - a book of Geomancy

   Spells                             Type                      Level
   a - Sandblast                      Earth                        1
   b - Stoneskin                      Transmutation/Earth          2
   c - Passwall                       Transmutation/Earth          3
   d - Stone Arrow                    Conjuration/Earth            3
   e - Petrify                        Transmutation/Earth          4
   f - Lee's Rapid Deconstruction     Earth                        5
Comestibles
 a - a bread ration
 o - 3 meat rations


   Skills:
 - Level 1.5 Dodging
 - Level 2.1 Stealth
 * Level 3.5 Spellcasting
 + Level 1.4 Conjurations
 - Level 0.7 Transmutations
 + Level 4.6 Earth Magic


You had 4 spell levels left.
You knew the following spells:

 Your Spells              Type           Power        Failure   Level  Hunger
a - Sandblast             Erth           ###...       2%          1    None
b - Stoneskin             Trmt/Erth      ##......     10%         2    ##.....
c - Stone Arrow           Conj/Erth      ##....       17%         3    ###....


Dungeon Overview and Level Annotations

Branches:
Dungeon (3/15)

Altars:
Ashenzari
Nemelex Xobeh

Annotations:
D:3 Jessica; Kharon's ghost, average DEWz


Innate Abilities, Weirdness & Mutations

You are resistant to torment.
You are immune to poison.
Your stone body is very resilient (AC +3).
You resist negative energy.
You are resistant to electric shocks.
You can survive without breathing.
You are immune to petrification.
You are immune to rotting.


Message History

The adder completely misses you.
Casting: Sandblast
Confirm with . or Enter, or press ? or * to list all spells.
Aiming: Sandblast
Press: ? - help, Shift-Dir - straight line, f/p - adder
Aim: an adder (severely wounded)
The blast of sand hits the adder.
You kill the adder!
Kharon's ghost points at you and mumbles some strange words.
The magic dart hits you!
Kharon's ghost gestures at you while chanting.
The magic dart hits you! Kharon's ghost casts a spell at you.
The magic dart hits you! Kharon's ghost casts a spell at you.
The magic dart hits you!
* * * LOW HITPOINT WARNING * * *
Kharon's ghost casts a spell at you. The magic dart hits you!
You die...

# ..## #.#.# ##. #.###.#.# # #.#
#....P.≈### ########
#.###.#.#P≈≈≈≈## #......##
#.##.##)#≈PP≈.≈# ..###...###
#####..#.#...PPP≈P..
####......####.....#....###.P♣≈.#
#.......W........#.#..##.PP≈≈P.
#......###'###@#......<.##≈P≈≈P
#......# #.# #.###.#######P.♣≈P
##.....###.###.# #.# ##PP♣P
##....+.._###.# #.#


#PP ♣ # ###..###.###.# #.# ... ## ##...# #.# #.# #.## ≈
.####....###'###.##...### .'........[.....(........ .####.......#####.#...###
You could see Kharon's ghost.

Vanquished Creatures
  An orc wizard (D:2)
  2 adders (D:3)
  2 worms
  2 giant geckos
  An ooze (D:1)
  An orc (D:2)
  4 bats
  A giant cockroach (D:1)
  3 hobgoblins
  6 jackals
  4 kobolds
  5 giant newts
  5 goblins
  A quokka (D:2)
  5 rats
43 creatures vanquished.

Notes
Turn   | Place    | Note
--------------------------------------------------------------
     0 | D:1      | Gartch, the Gargoyle Earth Elementalist, began the quest for the Orb.
     0 | D:1      | Reached XP level 1. HP: 10/10 MP: 3/3
   309 | D:1      | Reached skill level 4 in Earth Magic
   522 | D:1      | Reached XP level 2. HP: 15/15 MP: 4/4
   526 | D:1      | Learned a level 2 spell: Stoneskin
   901 | D:1      | Found a sparkling altar of Nemelex Xobeh.
  1574 | D:2      | Reached XP level 3. HP: 19/19 MP: 4/6
  1579 | D:2      | Learned a level 3 spell: Stone Arrow
  2701 | D:2      | Reached skill level 1 in Conjurations
  2701 | D:2      | Reached XP level 4. HP: 24/24 MP: 5/9
  2961 | D:3      | Noticed Jessica
  3112 | D:3      | Noticed Kharon's ghost (average DEWz)
  3137 | D:3      | Found a shattered altar of Ashenzari.
  3604 | D:3      | Killed from afar by Kharon's ghost

Action                   |  1- 3 |  4- 6 || total
-------------------------+-------+-------++-------
Melee: Club              |    38 |       ||    38
       Short sword       |     6 |     9 ||    15
Throw: Stone             |    43 |    11 ||    54
 Cast: Sandblast         |    62 |    29 ||    91
       Stoneskin         |       |     3 ||     3
  Use: Scroll            |     4 |       ||     4
 Stab: Sleeping          |     4 |     1 ||     5
  Eat: Chunk             |     5 |     4 ||     9
